 Dungeon Sprint DCSS version 0.28.0-43-g3370ac3207 (webtiles) character file.

Game seed: 13352882213648885496

259 boopmooplesden the Carver (level 5, 0/58 HPs)
             Began as a Minotaur Berserker on Mar 15, 2022.
             Was a Believer of Trog.
             Slain by a slime creature (13 damage)
             ... in the Dungeon (Sprint I: "Red Sonja").
             The game lasted 00:00:29 (314 turns).

boopmooplesden the Carver (Minotaur Berserker)       Turns: 314, Time: 00:00:30

Health: 0/58       AC:  7    Str: 22    XL:     5   Next: 94%
Magic:  4/4        EV: 11    Int:  4    God:    Trog [**....]
Gold:   162        SH:  0    Dex: 11    Spells: 4/4 levels left

rFire   . . .      SeeInvis .   a - +0 falchion
rCold   . . .      Faith    .   (no shield)
rNeg    . . .      Spirit   .   j - +0 scale mail
rPois   .          Reflect  .   (helmet restricted)
rElec   .          Harm     .   (no cloak)
rCorr   .          Rampage  .   (no gloves)
Will    .....      NoTele   +   (no boots)
Stlth   ..........              (no amulet)
HPRegen 0.19/turn               (no ring)
MPRegen 0.09/turn               (no ring)

@: on berserk cooldown, slowed, very slow
A: horns 2, retaliatory headbutt
a: Renounce Religion, Berserk, Trog's Hand


You were in the Dungeon.
You worshipped Trog.
Trog was pleased with you.
You visited 1 branch You collected 162 gold pieces.

Inventory:

Hand Weapons
 a - a +0 falchion (weapon)
Armour
 b - a +0 animal skin
 j - a +0 scale mail (worn)
Wands
 i - a wand of flame (18)
Scrolls
 h - a scroll of blinking
Potions
 c - a potion of curing
 d - a potion of heal wounds
 e - a potion of haste
 f - 3 potions of magic
 g - a potion of berserk rage


   Skills:
 + Level 9.7 Fighting
 + Level 9.9 Long Blades
 + Level 5.7 Armour
 + Level 5.0 Dodging


You had 4 spell levels left.
You didn't know any spells.
Your spell library was empty.

Dungeon Overview and Level Annotations

Branches:
Dungeon (1/1)

Altars:
Makhleb
Xom
Jiyva
Lugonu


Innate Abilities, Weirdness & Mutations

You have a pair of horns on your head.
You reflexively headbutt those who attack you in melee.


Message History

You have reached level 5!
f - 3 potions of magic (gained 1)
Things that are here:
a +0 scythe; a +0 robe You start resting.
You feel a strong urge to attack something.
You are no longer berserk.
You are exhausted.
You feel yourself slow down.
You open the door.
Found 54 gold pieces.
Found 54 gold pieces.
There is an open door here.
You now have 81 gold pieces (gained 27).
You now have 108 gold pieces (gained 27).
You now have 135 gold pieces (gained 27).
You now have 162 gold pieces (gained 27).
You open the door.
A slime creature comes into view.
Found four altars.
The slime creature hits you! The slime creature hits you.
There is an open door, spattered with blood here.
You slash the slime creature!
The slime creature is lightly wounded.
The slime creature hits you.
You hit the slime creature.
The slime creature is moderately wounded.
The slime creature closely misses you.
You hit the slime creature but do no damage.
The slime creature is moderately wounded.
The slime creature hits you!
You barely miss the slime creature. You headbutt the slime creature.
The slime creature is moderately wounded.
The slime creature barely misses you. The slime creature hits you!
* * * LOW HITPOINT WARNING * * *
You hit the slime creature but do no damage.
You headbutt the slime creature.
The slime creature is moderately wounded.
The slime creature hits you!
You die...

###################
#<.#..').#..'..#__#
#..').#..').#..@J.+
#..#####'#####+#__#
#..# #..# ### #..#
#### #..# #⌠⌠# ####


You could see a slime creature.

Vanquished Creatures
  Sigmund (D)
  An ogre (D)
  Ijyb (D)
3 creatures vanquished.

Notes
Turn   | Place    | Note
-------+----------+-------------------------------------------
     0 | D        | boopmooplesden the Minotaur Berserker began the quest for
                  | the Orb.
     0 | D        | Reached XP level 1. HP: 19/19 MP: 0/0
     1 | D        | Noticed Ijyb
    10 | D        | Killed Ijyb
    11 | D        | Reached skill level 5 in Fighting
    11 | D        | Reached skill level 5 in Long Blades
    11 | D        | Reached XP level 2. HP: 25/29 MP: 1/1
   135 | D        | Noticed an ogre
   138 | D        | Killed an ogre
   139 | D        | Reached XP level 3. HP: 40/40 MP: 2/2
   139 | D        | Reached XP level 4. HP: 48/48 MP: 3/3
   287 | D        | Noticed Sigmund
   292 | D        | Killed Sigmund
   292 | D        | Reached ** piety under Trog
   293 | D        | Reached skill level 5 in Armour
   293 | D        | Reached skill level 5 in Dodging
   293 | D        | Reached XP level 5. HP: 58/58 MP: 4/4
   308 | D        | Found a burning altar of Makhleb.
   308 | D        | Found a viscous altar of Jiyva.
   308 | D        | Found a shimmering altar of Xom.
   308 | D        | Found a corrupted altar of Lugonu.
   308 | D        | Noticed a slime creature
   314 | D        | Slain by a slime creature

Illustrated notes

Levels and vault maps discovered:
D:        dungeon_sprint_1 [red_sonja_temple_1, red_sonja_temple_small_1]

Skill      XL: |  1  2  3  4 |
---------------+-------------+-----
Fighting       | 5 7 9 |  9.7
Long Blades    | 5 7 9 |  9.9
Armour         | 3 4 5 |  5.7
Dodging        | 3 4 5 |  5.0

Action                   |  1- 3 |  4- 6 || total
-------------------------+-------+-------++-------
Melee: Falchion          |    10 |     8 ||    18
       Headbutt          |     2 |     2 ||     4
       Punch             |       |     1 ||     1
Invok: Berserk           |     2 |     1 ||     3
Dodge: Dodged            |     3 |     2 ||     5
